 Dungeon Crawl Stone Soup version 0.31-a0-1620-gcbf77bbcfc (webtiles) character file.

Game seed: 13750698423076826285

532 Laraso the Magician (level 7, 50/50 HPs)
             Began as a Grey Draconian Fire Elementalist on Jan 12, 2024.
             Quit the game on level 4 of the Dungeon.
             The game lasted 00:06:13 (5324 turns).

Laraso the Magician (DrFE)                          Turns: 5324, Time: 00:06:14

Health: 50/50      AC: 12    Str: 11    XL:     7   Next: 4%
Magic:  12/17      EV: 17    Int: 17    God:
Gold:   247        SH:  0    Dex: 11    Spells: 17/20 levels left

rFire   + . .        a - staff of fire
rCold   . . .        (no shield)
rNeg    . . .        (body armour unavailable)
rPois   .            (helmet restricted)
rElec   .            e - +0 cloak
rCorr   .            (no gloves)
SInv    +            (no boots)
Will    .....        (no amulet)
Stlth   ++           c - +5 ring of evasion
HPRegen 0.28/turn    g - ring of see invisible
MPRegen 0.15/turn

%: no passive effects
@: no status effects
A: AC +11, amphibious, unfitting armour, cold-blooded, see invisible, MP-powered
wands
a: no special abilities


You were on level 4 of the Dungeon.
You visited 1 branch of the dungeon, and saw 4 of its levels.
You also visited: Sewer.

You collected 247 gold pieces.

Inventory:

Hand Weapons
 b - the +0 whip of the Messenger {venom, rN+}
   (You found it on level 3 of the Dungeon)

   rN+:       It protects you from negative energy.
Armour
 e - a +0 cloak (worn)
Magical Staves
 a - a staff of fire (weapon)
Jewellery
 c - a +5 ring of evasion (left hand)
 g - a ring of see invisible (right hand)
Scrolls
 d - 2 scrolls of teleportation
 h - 2 scrolls of blinking
 i - a scroll of revelation
 j - 2 scrolls of identify
 k - a scroll of poison {unknown}
 m - a scroll of fog {unknown}
 o - a scroll of enchant weapon {unknown}
 p - a scroll of brand weapon {unknown}
 q - a scroll of enchant armour {unknown}
Potions
 f - a potion of magic
 l - a potion of mutation
 n - 2 potions of enlightenment


   Skills:
 - Level 1.7 Dodging
 - Level 1.7 Stealth
 * Level 7.1 Spellcasting
 - Level 1.0 Conjurations
 - Level 3.0 Fire Magic


You had 17 spell levels left.
You knew the following spells:

 Your Spells              Type           Power      Damage    Failure   Level
a - Foxfire               Conj/Fire      76%        2x1d7     4%          1
b - Scorch                Fire           48%        2d7       4%          2

Your spell library contained the following spells:

 Spells                   Type           Power      Damage    Failure   Level
 Inner Flame              Hex/Fire       16%        N/A       19%         3
 Volatile Blastmotes      Fire/Tloc      32%        2d12      19%         3
 Flame Wave               Conj/Fire      19%        2d7       45%         4
 Leda's Liquefaction      Alch/Erth      3%         N/A       75%         4
 Lee's Rapid Deconstruct  Erth           3%         3d5*      97%         5
 Bombard                  Conj/Erth      3%         9d1       100%        6


Dungeon Overview and Level Annotations

Branches:
Dungeon (4/15)              Sewer (visited)
 Temple: D:4-7

Altars:
Dithmenos
Yredelemnul
Zin


Innate Abilities, Weirdness & Mutations

Your dull iron-grey scales are very hard. (AC +11)
You are amphibious.
You cannot fit into any form of body armour.
You are cold-blooded and may be slowed by cold attacks.
You have supernaturally acute eyesight. (SInv)
You expend magic power (3 MP) to strengthen your wands.


Message History

You start resting.
Magic restored.
HP restored.
Things that are here:
a +0 dagger; a +0 robe of willpower
Things that are here:
a +0 flail; a +0 leather armour; an orc corpse
Found 5 stones.
You see here 5 stones.
You see here a +0 short sword.
You open the door.
The hound barks!
A hound is nearby!
A hound is nearby!
You feel a surge of power!
Flames lash the hound.
The hound is moderately wounded.
The hound's fire resistance burns away.
The hound completely misses you.
You feel a surge of power!
Flames lash the hound.
The hound is burned terribly!
The hound is almost dead.
The hound bites you but does no damage.
You feel a surge of power!
Flames lash the hound.
The hound is burned terribly!
You kill the hound!
Your Spellcasting skill increases to level 7!
You can't see any susceptible monsters within range! (Use Z to cast anyway.)
You see here a hound corpse.
A hound comes into view.
A hound is nearby!
A hound is nearby!
You can't see any susceptible monsters within range! (Use Z to cast anyway.)
You can't see any susceptible monsters within range! (Use Z to cast anyway.)
Found a scroll of identify.
You feel a surge of power!
Flames lash the hound.
The hound is heavily wounded.
The hound's fire resistance burns away.
You feel a surge of power!
Flames lash the hound.
The hound is burned terribly!
You kill the hound!
You have reached level 7!
Your scales start taking on a dull iron-grey colour.
You learn Air Magic much slower.
You learn Earth Magic much quicker.
Are you sure you want to abandon this character and quit the game? (Confirm with "yes".)

.## ##.###### #.#
####~#~#~# ## #.# #.#
#~~÷~~~#~# # #.# #.#
#~##########
######.###### #.#
#~~~~~~~~~..
#............#
#.######~#~#~÷.#
#.#########..#
#.##..~~~~~.~..# ###.#
≈≈≈~~~~##.##....~)....##
#..##
≈≈~~≈≈~~...#..........##
####
≈≈≈~≈~≈@##.#####.......#
≈≈≈~~≈≈†# .# #######.#
###~≈~~.# .# #.#
#.~~~~..# .+######## #.#
#.~~~~≈~# .#...≈...###.#
...≈~~~.. .#._.≈._.#....
?#.~~~≈.# ##...≈...#...#
.~~~≈~.# ########'.###
####


There were no monsters in sight!

Vanquished Creatures
  A brain worm (Sewer)
  A scorpion (D:4)
  Crazy Yiuf (D:4)
  2 hounds (D:4)
  An orc priest (D:4)
  2 orc wizards (D:4)
  6 river rats
  8 adders
  2 dart slugs
  4 ribbon worms
  3 orcs (D:3)
  9 ball pythons
  16 bats
  6 endoplasms
  6 giant cockroaches
  8 goblins
  5 hobgoblins
  11 quokkas
  4 frilled lizards
  3 kobolds
  3 rats
102 creatures vanquished.

Vanquished Creatures (collateral kills)
  A foxfire (D:1)
1 creature vanquished.

Vanquished Creatures (others)
  109 foxfires
109 creatures vanquished.

Grand Total: 212 creatures vanquished

Notes
Turn   | Place    | Note
-------+----------+-------------------------------------------
     0 | D:1      | Laraso the Draconian Fire Elementalist began the quest for
                  | the Orb.
     0 | D:1      | Reached XP level 1. HP: 14/14 MP: 3/3
   275 | D:1      | Reached XP level 2. HP: 20/20 MP: 3/5
   592 | D:1      | Learned a level 2 spell: Scorch
   692 | D:1      | Reached skill level 3 in Spellcasting
  1135 | D:2      | Reached XP level 3. HP: 26/26 MP: 1/7
  1314 | D:2      | Found a faded altar of an unknown god.
  2265 | D:3      | Identified the +0 whip of the Messenger {venom, rN+}
  2483 | D:3      | Reached skill level 4 in Spellcasting
  2523 | D:3      | Reached XP level 4. HP: 33/33 MP: 2/10
  2914 | D:3      | Found a glowing silver altar of Zin.
  2938 | D:3      | Identified the +0 short sword of Valiance {freeze, SInv}
  3441 | D:4      | Found a runed translucent door.
  3442 | D:4      | Noticed Crazy Yiuf
  3449 | D:4      | Killed Crazy Yiuf
  3547 | D:4      | Noticed a scorpion
  3550 | D:4      | Killed a scorpion
  3551 | D:4      | Reached skill level 5 in Spellcasting
  3551 | D:4      | Reached XP level 5. HP: 38/38 MP: 4/12
  4043 | D:4      | Found a glowing drain.
  4051 | Sewer    | Entered a sewer
  4159 | Sewer    | Reached XP level 6. HP: 45/45 MP: 10/14
  4281 | Sewer    | Reached skill level 6 in Spellcasting
  4422 | Sewer    | Gained mutation: You expend magic power (3 MP) to
                  | strengthen your wands. [potion of mutation]
  4422 | Sewer    | Gained mutation: You have supernaturally acute eyesight.
                  | (SInv) [potion of mutation]
  4963 | D:4      | Found a basalt altar of Yredelemnul.
  4963 | D:4      | Found a shadowy altar of Dithmenos.
  5263 | D:4      | Reached skill level 7 in Spellcasting
  5324 | D:4      | Your scales start taking on a dull iron-grey colour.
  5324 | D:4      | Reached XP level 7. HP: 50/50 MP: 12/17
  5324 | D:4      | Quit the game

Illustrated notes

Levels and vault maps discovered:
D:1:      dpeg_arrival_radiant, layout_loops_cross, serial_forest,
          infiniplex_forest_lined_3_way, infiniplex_forest_straight_3,
          infiniplex_forest_diagonal, infiniplex_forest_lined_room_,
          infiniplex_forest_clump_tiny, infiniplex_forest_fountain,
          infiniplex_forest_clump_diagonal, infiniplex_forest_clump_long
D:2:      layout_loops_ring, ebering_ecumenical_altar_rust, skrybe_limestone_x
D:3:      layout_basic, zin_statuary, serial_forest, infiniplex_forest_lined_3,
          infiniplex_forest_clump_C, infiniplex_forest_lined_room_3,
          infiniplex_forest_clump_small, infiniplex_forest_end_3,
          infiniplex_forest_lined_corner, infiniplex_forest_fountain,
          infiniplex_forest_lined_room_3, guppyfry_early_orc_mine
D:4:      layout_loops_ring, pdpol_wu_jian_five_deadly_venoms,
          mainiacjoe_overflow_divided_tiny, serial_rivers,
          chequers_serial_rivers_micro_c, chequers_serial_rivers_large_a,
          chequers_serial_rivers_micro_c, chequers_serial_rivers_room_a,
          lightli_sewer_entry_pipes, chequers_mini_garden,
          uniq_crazy_yiuf_cottage

Skill      XL: |  1  2  3  4  5  6 |
---------------+-------------------+-----
Spellcasting   | 3 4 5 7 |  7.1
Dodging        | |  1.7
Stealth        | |  1.7
Conjurations   | |  1.0
Fire Magic     | |  3.0

Action                     |  1- 3 |  4- 6 |  7- 9 || total
---------------------------+-------+-------+-------++-------
  Melee: Spear             |    11 |       |       ||    11
         Unarmed           |     6 |       |       ||     6
         Staff             |    23 |     4 |       ||    27
         Tailslap          |     5 |     2 |       ||     7
         Whip              |       |    25 |       ||    25
         Punch             |       |     1 |       ||     1
   Cast: Foxfire           |    21 |    44 |       ||    65
         Scorch            |    32 |    45 |       ||    77
    Use: Scroll            |     5 |       |       ||     5
         Potion            |       |     3 |       ||     3
   Stab: Sleeping          |     1 |     1 |       ||     2
 Armour: Skin              |    34 |    28 |       ||    62
  Dodge: Dodged            |    69 |    44 |       ||   113

Table legend: (Time is in decaauts)
 A = Elapsed time spent in this place.
 B = Non-inter-level travel time spent in this place.
 C = Inter-level travel time spent in this place.
 D = Time resting spent in this place.
 E = Time spent auto-exploring this place.
 F = Levels seen in this place.
 G = Mean time per level.
                   A        B        C        D        E       F      G
               +--------+--------+--------+--------+--------+-----+--------+
         Total |   5551 |   5339 |    212 |    765 |   3741 |   5 | 1110.2 |
       Dungeon |   4530 |   4318 |    212 |    691 |   2958 |   4 | 1132.5 |
         Sewer |   1021 |   1021 |      0 |     74 |    783 |   1 | 1021.0 |
               +--------+--------+--------+--------+--------+-----+--------+

Top non-repeatable levels by time:
     D:4: 1209 daAuts
     D:3: 1175 daAuts
     D:1: 1171 daAuts
   Sewer: 1021 daAuts
     D:2: 973 daAuts
